 Dungeon Crawl Stone Soup version 0.20.0-10-g0535bb4 (webtiles) character file.

56 Naow the Cudgeler (level 3, 0/29 HPs)
             Began as a Demonspawn Monk on June 7, 2017.
             Slain by an adder (3 damage)
             ... on level 2 of the Dungeon.
             The game lasted 00:02:01 (2258 turns).

Naow the Cudgeler (Demonspawn Monk)                 Turns: 2258, Time: 00:02:02

Health: 0/29       AC:  2    Str: 12    XL:     3   Next: 71%
Magic:  3/3        EV: 18    Int: 11    God:
Gold:   94         SH:  0    Dex: 20    Spells: 2/2 levels left

rFire    . . .     SeeInvis .   a - +0 mace
rCold    . . .     Gourm    .   (no shield)
rNeg     . . .     Faith    .   b - +0 robe
rPois    .         Spirit   .   (helmet restricted)
rElec    .         Reflect  .   (no cloak)
rCorr    .         Harm     .   (no gloves)
MR       .....                  (no boots)
Stlth    ++........             (no amulet)
Regen    0.1/turn               (no ring)
MPRegen  0.1/turn               (no ring)

@: agile, lethally poisoned (0 -> -6), very slow
A: horns 1
a: no special abilities


You were on level 2 of the Dungeon.
You were not hungry.

You visited 1 branch of the dungeon, and saw 2 of its levels.

You collected 94 gold pieces.

Inventory:

Hand Weapons
 a - a +0 mace (weapon)
Armour
 b - a +0 robe (worn)
Jewellery
 d - an uncursed ring of magical power {unknown}
 p - an uncursed amulet of magic regeneration {unknown}
Scrolls
 e - a scroll of enchant weapon {unknown}
 g - a scroll of fear {unknown}
 h - a scroll of enchant armour {unknown}
 m - a scroll of fog {unknown}
 n - a scroll of identify {unknown}
 q - a scroll of recharging {unknown}
 r - a scroll of magic mapping {unknown}
Potions
 f - a potion of ambrosia {unknown}
 j - a potion of lignification {unknown}
 o - a potion of might {unknown}
Comestibles
 c - 2 bread rations
 i - 2 royal jellies


   Skills:
 - Level 3.0 Fighting
 + Level 4.2 Maces & Flails
 - Level 2.6 Dodging
 - Level 1.7 Stealth


You had 2 spell levels left.
You didn't know any spells.

Dungeon Overview and Level Annotations

Branches:
Dungeon (2/15)

Altars:


Innate Abilities, Weirdness & Mutations

You have a pair of small horns on your head.


Message History

You feel sick. The adder bites you.
You are more poisoned.
The adder poisons you! The adder barely misses you.
All of the chunks of flesh in your inventory have rotted away.
Your unstable footing causes you to fumble your attack.
You feel sick. The adder bites you.
You are too injured to fight recklessly!
You are too injured to fight recklessly!
Your unstable footing causes you to fumble your attack.
You feel sick. The adder bites you.
* * * LOW HITPOINT WARNING * * *
The adder misses you.
You miss the adder.
The adder is moderately wounded.
The adder barely misses you.
It was a potion of agility.
You feel agile all of a sudden.
* * * LOW HITPOINT WARNING * * *
You feel sick. The adder bites you.
You die...

.......#.....#
#....'.#.........
.............#
#....'.'.........
.............#
##....###.........
.............###.#####
#....#...#
............(##≈##
≈##≈.###.##
..÷..........##≈≈#
≈≈##≈≈.#≈≈≈#
........##...#≈≈≈#
≈≈≈≈##≈≈≈≈≈≈.
........##..(#≈≈≈# ≈≈≈≈≈
##.#≈.≈≈
#.......##...#≈≈@#≈≈≈≈≈≈
##..#.≈
........##...#≈≈≈S≈≈≈≈≈≈
##.##P
........##...#≈≈≈≈≈≈≈≈≈≈
##.#.
........####.#≈≈≈≈≈≈#.≈≈
##..
.............#≈≈≈≈≈≈# .≈
##.
.............#≈≈≈≈≈≈# ##
....[........#≈≈≈#≈≈#
.............#≈≈≈#≈≈#
........[....##≈##≈≈#


You could see an adder.

Vanquished Creatures
  An adder (D:2)
  An ooze (D:1)
  2 worms (D:2)
  A leopard gecko (D:2)
  A giant cockroach (D:1)
  6 goblins
  5 hobgoblins
  4 kobolds
  A quokka (D:2)
  2 ball pythons
  5 bats
  3 frilled lizards
  5 rats
37 creatures vanquished.

Notes
Turn   | Place    | Note
-------+----------+-------------------------------------------
     0 | D:1      | Naow the Demonspawn Monk began the quest for the Orb.
     0 | D:1      | Reached XP level 1. HP: 18/18 MP: 1/1
    11 | D:1      | Reached skill level 3 in Maces & Flails
   328 | D:1      | Gained mutation: You have a pair of small horns on your head. [demonic ancestry]
   328 | D:1      | Reached XP level 2. HP: 24/24 MP: 2/2
  1402 | D:2      | Reached XP level 3. HP: 10/29 MP: 3/3
  1625 | D:2      | Reached skill level 4 in Maces & Flails
  2258 | D:2      | Slain by an adder

Skill      XL: |  1  2  3 |
---------------+----------+-----
Maces & Flails | 3 4 |  4.2
Fighting       | |  3.0
Dodging        | |  2.6
Stealth        | |  1.7

Action                   || total
-------------------------++-------
Melee: Mace              ||   117
       Headbutt          ||     8
  Use: Potion            ||     2
 Stab: Sleeping          ||     4
  Eat: Chunk             ||     4
Armor: Robe              ||    24
Dodge: Dodged            ||    79
